DSL
DSL NEW YORK (N) METS @ DSL WASHINGTON NATIONALS
05/09/2042
 
TOP OF THE 1ST
DSL New York (N) Mets batting - Pitching for DSL Washington Nationals : RHP Alan Green
Pitching: RHP Alan Green
Batting: RHB Moritz Herbst 0-0: Hit by Pitch
Batting: RHB Charlie Tucker 0-0: Foul Ball, location: 3F
0-1: Called Strike
0-2: Strikes out looking
Batting: RHB Joaquín Rincón 0-0: Foul Ball, location: 25FF
0-1: Ball
1-1: Called Strike
1-2: Strikes out swinging
Batting: RHB Mike Humphrey 0-0: Called Strike
0-1: 2-RUN HOME RUN (Flyball, 78XD, EV 111.3 MPH), Distance : 418 ft
Batting: RHB Charlie Sparks 0-0: Called Strike
0-1: Ball
1-1: Ball
2-1: SOLO HOME RUN (Flyball, 9D, EV 93.1 MPH), Distance : 352 ft
Batting: LHB Joe Pittman 0-0: Ball
1-0: Called Strike
1-1: SINGLE (Groundball, 4D, EV 108.1 MPH)
Batting: RHB Ken Brian 0-0: Foul Ball, location: 5F
0-1: Ball
1-1: 2-RUN HOME RUN (Flyball, 9LD, EV 91.9 MPH), Distance : 330 ft
Batting: RHB Norberto Salazar 0-0: Ball
1-0: Ball
2-0: Foul Ball, location: 9LDF
2-1: Ground out 5-3 (Groundball, 56, EV 105.0 MPH)
Top of the 1st over - 5 runs, 4 hits, 0 errors, 0 left on base; DSL New York (N) 5 - DSL Washington 0
BOTTOM OF THE 1ST
DSL Washington Nationals batting - Pitching for DSL New York (N) Mets : RHP Jeremy Shaw
Pitching: RHP Jeremy Shaw
Batting: RHB António Méndez 0-0: Ball
1-0: Foul Ball, location: 2F
1-1: Ball
2-1: Ball
3-1: Base on Balls
Batting: RHB Bob Puckett 0-0: Called Strike
0-1: DOUBLE (Flyball, 8LD, EV 108.8 MPH)
António Méndez to third
Batting: LHB Víctor Prieto 0-0: Ball
1-0: Ball
2-0: Foul Ball, location: 2RF
2-1: Ball
3-1: Base on Balls
Batting: RHB Juan Romero 0-0: Fly out, F9 (Flyball, 89D, EV 78.1 MPH)
Runner from 3rd tags up, SCORES, throw by RF
Bob Puckett to third
Batting: LHB Esteban López 0-0: 3-RUN HOME RUN (Flyball, 7D, EV 99.4 MPH), Distance : 385 ft
Batting: LHB Maxim Trommel 0-0: Called Strike
0-1: Foul Ball, location: 2F
0-2: Foul Ball, location: 2F
0-2: Ball
1-2: Strikes out swinging
Batting: LHB Jim Unknown 0-0: Called Strike
0-1: Ball
1-1: Ball
2-1: Ball
3-1: Swinging Strike
3-2: Fly out, F6 (Popup, 6MS, EV 69.4 MPH)
Bottom of the 1st over - 4 runs, 2 hits, 0 errors, 0 left on base; DSL New York (N) 5 - DSL Washington 4
TOP OF THE 2ND
DSL New York (N) Mets batting - Pitching for DSL Washington Nationals : RHP Alan Green
Batting: RHB Stan Cole 0-0: Swinging Strike
0-1: Ball
1-1: Ball
2-1: Foul Ball, location: 5F
2-2: Ball
3-2: Strikes out swinging
Batting: RHB Moritz Herbst 0-0: Ball
1-0: Ball
2-0: Fly out, F7 (Flyball, 78M, EV 95.6 MPH)
Batting: RHB Charlie Tucker 0-0: Foul Ball, location: 2F
0-1: Swinging Strike
0-2: Ball
1-2: Ball
2-2: Fly out, F8 (Flyball, 8LM, EV 88.8 MPH)
Top of the 2nd over - 0 runs, 0 hits, 0 errors, 0 left on base; DSL New York (N) 5 - DSL Washington 4
BOTTOM OF THE 2ND
DSL Washington Nationals batting - Pitching for DSL New York (N) Mets : RHP Jeremy Shaw
Batting: RHB Tony Cruz 0-0: Swinging Strike
0-1: Ball
1-1: Foul Ball, location: 25F
1-2: Ground out 5-3 (Groundball, 56, EV 108.1 MPH)
Batting: RHB Alan Green 0-0: Ball
1-0: Called Strike
1-1: Swinging Strike
1-2: Strikes out swinging
Batting: RHB António Méndez 0-0: Foul Ball, location: 3F
0-1: Ball
1-1: Ball
2-1: Fly out, F7 (Flyball, 7, EV 91.9 MPH)
Bottom of the 2nd over - 0 runs, 0 hits, 0 errors, 0 left on base; DSL New York (N) 5 - DSL Washington 4
TOP OF THE 3RD
DSL New York (N) Mets batting - Pitching for DSL Washington Nationals : RHP Alan Green
Batting: RHB Joaquín Rincón 0-0: Swinging Strike
0-1: Ball
1-1: Foul Ball, location: 23F
1-2: Strikes out swinging, 2-3 out at first.
Batting: RHB Mike Humphrey 0-0: Ball
1-0: Called Strike
1-1: Ground out 4-3 (Groundball, 4M, EV 106.9 MPH)
Batting: RHB Charlie Sparks 0-0: Ball
1-0: Called Strike
1-1: Ball
2-1: Ball
3-1: Base on Balls
Batting: LHB Joe Pittman 0-0: Swinging Strike
0-1: Called Strike
0-2: Strikes out swinging
Top of the 3rd over - 0 runs, 0 hits, 0 errors, 1 left on base; DSL New York (N) 5 - DSL Washington 4
BOTTOM OF THE 3RD
DSL Washington Nationals batting - Pitching for DSL New York (N) Mets : RHP Jeremy Shaw
Batting: RHB Bob Puckett 0-0: Foul Ball, location: 7LMFF
0-1: Ground out U3 (Groundball, 3L, EV 105.6 MPH)
Batting: LHB Víctor Prieto 0-0: Ball
1-0: Ball
2-0: Swinging Strike
2-1: Foul Ball, location: 5F
2-2: Fly out, F2 (Popup, 15S, EV 80.6 MPH)
Batting: RHB Juan Romero 0-0: Ball
1-0: Foul Ball, location: 9LMF
1-1: Ball
2-1: Ball
3-1: Base on Balls
Batting: LHB Esteban López 0-0: Called Strike
0-1: Foul Ball, location: 23FF
0-2: Ball
1-2: Ball
2-2: Ball
3-2: DOUBLE (Line Drive, 5D, EV 96.3 MPH)
Juan Romero to third
Juan Romero scores
Batting: LHB Maxim Trommel 0-0: DOUBLE (Flyball, 8LD, EV 95.6 MPH)
Esteban López scores
Pitching: LHP Jake Strickland
Batting: LHB Jim Unknown 0-0: Called Strike
0-1: Ball
1-1: Swinging Strike
1-2: Ball
2-2: Ball
3-2: Foul Ball, location: 7LSF
3-2: Fly out, F8 (Flyball, 8LD, EV 92.5 MPH)
Bottom of the 3rd over - 2 runs, 2 hits, 0 errors, 1 left on base; DSL New York (N) 5 - DSL Washington 6
TOP OF THE 4TH
DSL New York (N) Mets batting - Pitching for DSL Washington Nationals : RHP Alan Green
Batting: RHB Ken Brian 0-0: Ball
1-0: Called Strike
1-1: Ball
2-1: DOUBLE (Line Drive, 7LM, EV 100.6 MPH)
Pitching: RHP Jim Unknown
Batting: RHB Norberto Salazar 0-0: Ball
1-0: Sac Bunt to 5S - play at first, batter OUT! 5-3
Ken Brian to third
Batting: RHB Stan Cole 0-0: Called Strike
0-1: Foul Ball, location: 9LSFF
0-2: Ball
1-2: Strikes out swinging
Batting: RHB Moritz Herbst 0-0: Hit by Pitch
Batting: RHB Charlie Tucker 0-0: Ground out U3 (Groundball, 3L, EV 108.8 MPH)
Top of the 4th over - 0 runs, 1 hit, 0 errors, 2 left on base; DSL New York (N) 5 - DSL Washington 6
BOTTOM OF THE 4TH
DSL Washington Nationals batting - Pitching for DSL New York (N) Mets : LHP Jake Strickland
Batting: RHB Tony Cruz 0-0: Called Strike
0-1: Called Strike
0-2: Foul Ball, location: 3F
0-2: Strikes out swinging
Batting: RHB Alan Green 0-0: Ball
1-0: Called Strike
1-1: Foul Ball, location: 9LSF
1-2: Strikes out swinging
Batting: RHB António Méndez 0-0: Fly out, F8 (Flyball, 8RM, EV 91.3 MPH)
Bottom of the 4th over - 0 runs, 0 hits, 0 errors, 0 left on base; DSL New York (N) 5 - DSL Washington 6
TOP OF THE 5TH
DSL New York (N) Mets batting - Pitching for DSL Washington Nationals : RHP Jim Unknown
Batting: RHB Joaquín Rincón 0-0: Swinging Strike
0-1: DOUBLE (Line Drive, 7LD, EV 103.1 MPH)
Batting: RHB Mike Humphrey 0-0: Ball
1-0: Called Strike
1-1: Hit by Pitch
Batting: RHB Charlie Sparks 0-0: Foul Ball, location: 2F
0-1: Ball
1-1: Swinging Strike
1-2: Strikes out swinging
Batting: LHB Joe Pittman 0-0: Called Strike
0-1: Foul Ball, location: 9LSF
0-2: Strikes out swinging
Batting: RHB Ken Brian 0-0: Ball
1-0: Fly out, F8 (Flyball, 8RD, EV 80.0 MPH)
Top of the 5th over - 0 runs, 1 hit, 0 errors, 2 left on base; DSL New York (N) 5 - DSL Washington 6
BOTTOM OF THE 5TH
DSL Washington Nationals batting - Pitching for DSL New York (N) Mets : LHP Jake Strickland
Batting: RHB Bob Puckett 0-0: Called Strike
0-1: Foul Ball, location: 2F
0-2: Strikes out swinging passed ball, reaches first!
Batting: LHB Víctor Prieto 0-0: Ball
1-0: Ball
2-0: Foul Ball, location: 2F
2-1: Swinging Strike
2-2: Ball
3-2: Strikes out swinging
Batting: RHB Juan Romero 0-0: Fly out, F3 (Popup, 3SF, EV 70.6 MPH)
Batting: LHB Esteban López 0-0: Ball
1-0: Ball
2-0: Ball
3-0: Base on Balls
Bob Puckett to second
Batting: LHB Maxim Trommel 0-0: Ball
1-0: Called Strike
1-1: Swinging Strike
1-2: Ball
2-2: Strikes out swinging
Bottom of the 5th over - 0 runs, 0 hits, 0 errors, 2 left on base; DSL New York (N) 5 - DSL Washington 6
TOP OF THE 6TH
DSL New York (N) Mets batting - Pitching for DSL Washington Nationals : RHP Jim Unknown
Batting: RHB Norberto Salazar 0-0: Ball
1-0: Called Strike
1-1: Fly out, F8 (Flyball, 8LXD, EV 93.8 MPH)
Batting: RHB Stan Cole 0-0: Ball
1-0: SINGLE (Line Drive, 9LS, EV 93.1 MPH)
Batting: RHB Moritz Herbst 0-0: Foul Ball, location: 2F
0-1: Foul Ball, location: 3SF
0-2: Ball
1-2: Ball
2-2: SINGLE (Groundball, 6MD, EV 97.5 MPH)
Stan Cole to second
Batting: RHB Charlie Tucker 0-0: Called Strike
0-1: Swinging Strike
0-2: Foul Ball, location: 2F
0-2: SINGLE (Groundball, 3D, EV 103.8 MPH)
Stan Cole to third
Moritz Herbst to second
Runner from 3rd tries for Home, SAFE, throw by RF to home
Pinch Hitting: LHB Lanny Rich 0-0: Swinging Strike
0-1: 3-RUN HOME RUN (Line Drive, 89XD, EV 106.3 MPH), Distance : 414 ft
Pitching: RHP Rubén León
Batting: RHB Mike Humphrey 0-0: Swinging Strike
0-1: Hit by Pitch
Batting: RHB Charlie Sparks 0-0: Called Strike
0-1: Swinging Strike
0-2: Foul Ball, location: 23FF
0-2: Ball
1-2: Foul Ball, location: 2F
1-2: Strikes out looking
Batting: LHB Joe Pittman 0-0: Ball
1-0: Ball
2-0: Ball
3-0: Base on Balls
Mike Humphrey to second
Batting: RHB Ken Brian 0-0: Called Strike
0-1: Foul Ball, location: 5F
0-2: Ball
1-2: Foul Ball, location: 2F
1-2: Ball
2-2: Strikes out swinging
Top of the 6th over - 4 runs, 4 hits, 0 errors, 2 left on base; DSL New York (N) 9 - DSL Washington 6
BOTTOM OF THE 6TH
DSL Washington Nationals batting - Pitching for DSL New York (N) Mets : LHP Jake Strickland
Now at 1B: Dan Nieves
Batting: LHB Jim Unknown 0-0: Foul Ball, location: 2F
0-1: Ball
1-1: Fly out, F7 (Flyball, 78S, EV 91.9 MPH)
Batting: RHB Tony Cruz 0-0: SINGLE (Groundball, 6, EV 103.8 MPH) (infield hit)
Batting: RHB Alan Green 0-0: Ball
1-0: Ball
2-0: Called Strike
2-1: Foul Ball, location: 9LDF
2-2: Foul Ball, location: 23FF
2-2: Ball
3-2: Strikes out swinging
Pitching: RHP Ron Johnston
Batting: RHB António Méndez 0-0: Ball
1-0: Called Strike
1-1: Swinging Strike
1-2: Foul Ball, location: 9LMF
1-2: Strikes out looking
Bottom of the 6th over - 0 runs, 1 hit, 0 errors, 1 left on base; DSL New York (N) 9 - DSL Washington 6
TOP OF THE 7TH
DSL New York (N) Mets batting - Pitching for DSL Washington Nationals : RHP Rubén León
Batting: RHB Norberto Salazar 0-0: Ball
1-0: Swinging Strike
1-1: Foul Ball, location: 2F
1-2: Strikes out looking
Batting: RHB Stan Cole 0-0: Ball
1-0: Ball
2-0: Swinging Strike
2-1: Swinging Strike
2-2: Strikes out swinging
Batting: RHB Moritz Herbst 0-0: Ball
1-0: Ground out 5-3 (Groundball, 56, EV 84.4 MPH)
Top of the 7th over - 0 runs, 0 hits, 0 errors, 0 left on base; DSL New York (N) 9 - DSL Washington 6
BOTTOM OF THE 7TH
DSL Washington Nationals batting - Pitching for DSL New York (N) Mets : RHP Ron Johnston
Batting: RHB Bob Puckett 0-0: Swinging Strike
0-1: Ground out 5-3 (Groundball, 56S, EV 90.0 MPH)
Batting: LHB Víctor Prieto 0-0: Swinging Strike
0-1: Foul Ball, location: 5SF
0-2: Ball
1-2: Strikes out swinging
Batting: RHB Juan Romero 0-0: Ball
1-0: Ball
2-0: Called Strike
2-1: Ball
3-1: Swinging Strike
3-2: Strikes out looking
Bottom of the 7th over - 0 runs, 0 hits, 0 errors, 0 left on base; DSL New York (N) 9 - DSL Washington 6
TOP OF THE 8TH
DSL New York (N) Mets batting - Pitching for DSL Washington Nationals : RHP Rubén León
Batting: RHB Charlie Tucker 0-0: Ball
1-0: Ball
2-0: Foul Ball, location: 3SF
2-1: Ball
3-1: Base on Balls
Batting: LHB Dan Nieves 0-0: Ball
1-0: Called Strike
1-1: Ball
2-1: Ball
3-1: Swinging Strike
3-2: Foul Ball, location: 2F
3-2: Foul Ball, location: 9LSF
3-2: Strikes out swinging
Charlie Tucker steals 2nd base
Batter strikes out.
Pitching: RHP Chris Snyder
Batting: RHB Mike Humphrey 0-0: Ball
1-0: Foul Ball, location: 5F
1-1: Ball
Passed Ball!
Charlie Tucker to third
2-1: Ball
3-1: Base on Balls
Pinch Hitting: SHB Vic Lee 0-0: Called Strike
0-1: Called Strike
0-2: Strikes out swinging
Batting: LHB Joe Pittman 0-0: Ball
1-0: Ball
2-0: Swinging Strike
2-1: Foul Ball, location: 2F
2-2: Ball
3-2: SINGLE (Groundball, 6D, EV 95.6 MPH)
Charlie Tucker scores
Mike Humphrey to second
Mike Humphrey to third
Batting: RHB Ken Brian 0-0: Foul Ball, location: 9LMF
0-1: Called Strike
0-2: Foul Ball, location: 9LSF
0-2: Strikes out swinging
Top of the 8th over - 1 run, 1 hit, 0 errors, 2 left on base; DSL New York (N) 10 - DSL Washington 6
BOTTOM OF THE 8TH
DSL Washington Nationals batting - Pitching for DSL New York (N) Mets : RHP Ron Johnston
Now at 3B: Ken Davis
Batting: LHB Esteban López 0-0: Ball
1-0: Ball
2-0: Ball
3-0: Called Strike
3-1: Called Strike
3-2: Strikes out swinging
Batting: LHB Maxim Trommel 0-0: Ball
1-0: Foul Ball, location: 5FF
1-1: Foul Ball, location: 2F
1-2: Ball
2-2: Strikes out swinging
Batting: LHB Jim Unknown 0-0: Swinging Strike
0-1: Ball
1-1: Ball
2-1: Ball
3-1: Foul Ball, location: 2F
3-2: Strikes out swinging
Bottom of the 8th over - 0 runs, 0 hits, 0 errors, 0 left on base; DSL New York (N) 10 - DSL Washington 6
TOP OF THE 9TH
DSL New York (N) Mets batting - Pitching for DSL Washington Nationals : RHP Chris Snyder
Batting: RHB Norberto Salazar 0-0: Reached via error on a dropped throw from 1B, E1 (Groundball, 34S, EV 90.6 MPH)
Pinch Hitting: RHB Dave Guy 0-0: Ball
1-0: Ball
2-0: Called Strike
2-1: Foul Ball, location: 2F
2-2: Strikes out swinging
Batting: RHB Moritz Herbst 0-0: SINGLE (Line Drive, 9LS, EV 99.4 MPH)
Norberto Salazar to second
Batting: RHB Charlie Tucker 0-0: Ball
1-0: Called Strike
1-1: Ball
2-1: Ball
3-1: Foul Ball, location: 9LDF
3-2: Foul Ball, location: 3F
3-2: Foul Ball, location: 9LDF
3-2: Foul Ball, location: 5F
3-2: Base on Balls
Norberto Salazar to third
Moritz Herbst to second
Batting: LHB Dan Nieves 0-0: Called Strike
0-1: Ball
1-1: Called Strike
1-2: Ball
2-2: Foul Ball, location: 7LMF
2-2: Foul Ball, location: 25F
2-2: Strikes out swinging
Pitching: RHP Manny Fernández
Batting: RHB Mike Humphrey 0-0: Swinging Strike
0-1: Called Strike
0-2: Ball
1-2: Ground out U3 (Groundball, 34, EV 104.4 MPH)
Top of the 9th over - 0 runs, 1 hit, 1 error, 3 left on base; DSL New York (N) 10 - DSL Washington 6
BOTTOM OF THE 9TH
DSL Washington Nationals batting - Pitching for DSL New York (N) Mets : RHP Ron Johnston
Now at C: Aurelio Luna
Pinch Hitting: LHB Jorge Salazar 0-0: Ball
1-0: Ball
2-0: Foul Ball, location: 23F
2-1: Swinging Strike
2-2: Foul Ball, location: 3FF
2-2: Strikes out looking
Batting: RHB Jim Unknown 0-0: Called Strike
0-1: Swinging Strike
0-2: Ball
1-2: Ball
2-2: Ball
3-2: Strikes out swinging
Batting: RHB António Méndez 0-0: SINGLE (Line Drive, 9S, EV 92.5 MPH)
Batting: RHB Bob Puckett 0-0: Swinging Strike
0-1: Swinging Strike
0-2: Strikes out swinging
Bottom of the 9th over - 0 runs, 1 hit, 0 errors, 1 left on base; DSL New York (N) 10 - DSL Washington 6
Wednesday, May 1st , 2024 - OOTP Baseball 24.10 Build 82